 Dungeon Crawl Stone Soup version 0.29.0-4-gdea44cf6ec (webtiles) character file.

Game seed: 10223413962705396962

1 qw the Sneak (level 1, -1/14 HPs)
             Began as a Gargoyle Delver on Sept 10, 2022.
             Slain by a shadow imp (3 damage)
             ... on level 4 of the Dungeon.
             The game lasted 00:00:02 (167 turns).

qw the Sneak (Gargoyle Delver)                       Turns: 167, Time: 00:00:03

Health: -1/14      AC:  5    Str: 15    XL:     1   Next: 20%
Magic:  1/1        EV: 11    Int: 10    God:
Gold:   16         SH:  0    Dex: 11    Spells: 0/0 levels left

rFire   . . .      SeeInvis .   a - +0 hand axe
rCold   . . .      Faith    .   (no shield)
rNeg    + . .      Spirit   .   b - +0 leather armour
rPois   inf        Reflect  .   (no helmet)
rElec   +          Harm     .   (no cloak)
rCorr   .          Rampage  .   (no gloves)
Will    .....                   (no boots)
Stlth   +++.......              (no amulet)
HPRegen 0.04/turn               (no ring)
MPRegen 0.07/turn               (no ring)

@: no status effects
A: sickness immunity, AC +2, negative energy resistance 1, electricity
resistance, torment resistance 1, petrification resistance
a: no special abilities


You were on level 4 of the Dungeon.
You visited 1 branch of the dungeon, and saw 2 of its levels.

You collected 16 gold pieces.


Innate Abilities, Weirdness & Mutations

You are immune to sickness and miasma.
Your stone body is resilient. (AC +2)
You are immune to poison.
You resist negative energy. (rN+)
You are resistant to electric shocks. (rElec)
You are resistant to unholy torment.
You are immune to petrification.


   Skills:
 - Level 3.2 Fighting
 + Level 1.9 Axes
 - Level 1.5 Dodging
 - Level 5.4 Stealth


You couldn't memorise any spells.
You didn't know any spells.
Your spell library was empty.

Inventory:

Hand Weapons
 a - a +0 hand axe (weapon)
Armour
 b - a +0 leather armour (worn)
Wands
 g - a wand of digging (3)
Potions
 f - a potion of haste

Dungeon Overview and Level Annotations

Branches:
Dungeon (5/15)
 Temple: D:4-7

Altars:

Annotations:
D:5 1 transporter, qw's ghost, weakling GrDe


Message History

You float gracefully downwards.
You now have 16 gold pieces.
A gnoll comes into view. It is wielding a +0 flail.
The gnoll moves out of view.
A shadow imp comes into view.
60 ||| Stepping ~*~*~tactically~*~*~ (hiding).
You start waiting.
Done waiting.
The shadow imp shouts, "Away with thee, thou unhinged spur-galled flax-wench!"
You hear a shout!
A hound comes into view.
The hound barks!
You hit the shadow imp.
The shadow imp is lightly wounded.
The shadow imp hits you but does no damage.
You barely miss the shadow imp.
The shadow imp is lightly wounded.
A gnoll comes into view. It is wielding a +0 whip.
The shadow imp gestures at you. Pain shoots through your body!
You closely miss the shadow imp.
The shadow imp is lightly wounded.
A gnoll comes into view. It is wielding a +0 spear.
The shadow imp closely misses you.
You barely miss the shadow imp.
The shadow imp is lightly wounded.
The gnoll shouts!
You hit the hound. The hound bites you but does no damage.
A gnoll comes into view. It is wielding a +0 flail.
The shadow imp hits you. The hound misses you. The shadow imp gestures at you.
Pain shoots through your body!
The gnoll shouts!
You hit the hound.
The hound is moderately wounded.
You hit the shadow imp but do no damage.
The hound bites you. The hound bites you but does no damage.
The shadow imp hits you.
You die...

#.##.........#
#.###%...#.##
##..##.####
...##....##
..........##
##.##......#
###....#..#
...#.##.#..###.##
..g.gg5@...# ###
....##h##..# . ##
#.## ... .....
....#. ....####
.....


You could see a hound, 3 gnolls and a shadow imp.

Vanquished Creatures
  A ball python (D:4)
1 creature vanquished.

Notes
Turn   | Place    | Note
-------+----------+-------------------------------------------
     0 | D:5      | qw the Gargoyle Delver began the quest for the Orb.
     0 | D:5      | Reached XP level 1. HP: 14/14 MP: 1/1
     0 | D:5      | Noticed qw's ghost (weakling GrDe)
     0 | D:5      | 0 ||| qw: Version: 0.1-a-116-g5d60599
     0 | D:5      | 0 ||| qw: Game counter: 8682
     0 | D:5      | 0 ||| qw: Always use a shield: true
     0 | D:5      | 0 ||| qw: God list: Okawaru
     0 | D:5      | 0 ||| qw: Allow faded altars: false
     0 | D:5      | 0 ||| qw: Do Orc after D:15 true
     0 | D:5      | 0 ||| qw: Do second Lair branch before Depths: true
     0 | D:5      | 0 ||| qw: Lair rune preference: random
     0 | D:5      | 0 ||| qw: Plans: Normal
     0 | D:5      | 0 ||| PLANNING D:1-11
     7 | D:5      | 7 ||| DRINKING 2 dark potions.
     8 | D:5      | 8 ||| DROPPING scroll of fog.
     9 | D:5      | 9 ||| DROPPING scroll of magic mapping.
    10 | D:5      | 10 ||| DROPPING scroll of fear.
    11 | D:5      | 11 ||| DROPPING potion of flight.
    60 | D:4      | 60 ||| Stepping ~*~*~tactically~*~*~ (hiding).
   162 | D:4      | Noticed a hound
   167 | D:4      | HP: 2/14 [hound (4)]
   167 | D:4      | Slain by a shadow imp

Levels and vault maps discovered:
D:4:      layout_cave_pools, nicolae_kite_square_tiling_tiny,
          minmay_misc_feat_rows
D:5:      layout_rooms, minmay_temple_entry_butterflies,
          gammafunk_ghost_mausoleum, serial_curves, eino_curves_03,
          eino_curves_03, minmay_misc_feat_diagonals

Action                   || total
-------------------------++-------
Melee: Hand axe          ||     6
  Use: Potion            ||     1
Armor: Leather armour    ||     3
Dodge: Dodged            ||     2

Table legend:
 A = Non-vault XP
 B = Vault XP
 C = Vault XP percentage of total XP
 D = Non-vault monster count
 E = Vault monster count
 F = Vault count percentage of total count
                 A         B        C        D         E       F
            +---------+---------+-------+---------+---------+-------
      Total |       2 |       0 |   0.0 |       1 |       0 |   0.0
            +---------+---------+-------+---------+---------+-------
        D:4 |       2 |       0 |   0.0 |       1 |       0 |   0.0
            +---------+---------+-------+---------+---------+-------
